 Dungeon Crawl Stone Soup version 0.31.0-4-g52a2dc7128 (webtiles) character file.

Game seed: 6319415460340113162

49 Beon the Sneak (level 3, 0/21 HPs)
             Began as an Octopode Earth Elementalist on Jan 21, 2024.
             Killed from afar by Sigmund (6 damage)
             ... with a magic dart
             ... on level 2 of the Dungeon.
             The game lasted 00:07:36 (1500 turns).

Beon the Sneak (Octopode Earth Elementalist)        Turns: 1500, Time: 00:07:36

Health: 0/21       AC:  1    Str:  7    XL:     3   Next: 77%
Magic:  6/6        EV: 13    Int: 19    God:
Gold:   95         SH:  0    Dex: 12    Spells: 6/7 levels left

rFire   . . .        e - +0 dagger
rCold   + . .        (no shield)
rNeg    . . .        (helmet restricted)
rPois   .            (no amulet)
rElec   .            l - ring of protection from cold
rCorr   .            (no ring)
SInv    .            (no ring)
Will    .....        (no ring)
Stlth   +++          (no ring)
HPRegen 0.23/turn    (no ring)
MPRegen 0.10/turn    (no ring)
                     (no ring)

%: no passive effects
@: no status effects
A: almost no armour, amphibious, 8 rings, camouflage 1, gelatinous body 1,
(nimble swimmer 1), tentacles
a: no special abilities


You were on level 2 of the Dungeon.
You visited 1 branch of the dungeon, and saw 2 of its levels.

You collected 95 gold pieces.

Inventory:

Hand Weapons
 e - a +0 dagger (weapon)
 h - a +2 vampiric spear
Missiles
 a - 4 boomerangs (quivered)
 d - 4 javelins
 j - 10 poisoned darts
Armour
 i - a +0 buckler
Jewellery
 l - a ring of protection from cold (left tentacle)
Scrolls
 b - 2 scrolls of teleportation {unknown}
 f - a scroll of brand weapon {unknown}
 g - a scroll of enchant weapon {unknown}
 m - a scroll of acquirement {unknown}
Potions
 c - a potion of heal wounds {unknown}
 k - a potion of attraction {unknown}


   Skills:
 + Level 0.4 Short Blades
 + Level 0.1 Throwing
 + Level 2.0 Dodging
 + Level 3.6 Stealth
 + Level 2.6 Spellcasting
 + Level 1.1 Conjurations
 + Level 3.5 Earth Magic


You had 6 spell levels left.
You knew the following spells:

 Your Spells              Type           Power      Damage    Failure   Level
a - Sandblast             Erth           30%        2d9       3%          1

Your spell library contained the following spells:

 Spells                   Type           Power      Damage    Failure   Level
 Passwall                 Erth           15%        N/A       11%         3
 Stone Arrow              Conj/Erth      22%        3d8       19%         3
 Brom's Barrelling Bould  Conj/Erth      11%        2d3       52%         4
 Petrify                  Alch/Erth      9%         N/A       58%         4


Dungeon Overview and Level Annotations

Branches:
Dungeon (2/15)

Altars:

Annotations:
D:2 Sigmund


Innate Abilities, Weirdness & Mutations

You cannot wear most types of armour.
You are amphibious.
You can wear up to eight rings at the same time.
Your skin changes colour to match your surroundings (Stealth+).
Your rubbery body absorbs attacks. (AC +1, EV +1)
((You are camouflaged when in or above water. (Stealth+)))
You have tentacles for arms and can constrict up to eight enemies at once.


Message History

Found an escape hatch in the floor.
There is an escape hatch in the floor here.
m - a scroll labelled GAYSIEJOMI You see here a hobgoblin corpse.
An endoplasm comes into view.
The endoplasm quivers.
You completely miss the endoplasm. You squeeze the endoplasm.
You kill the endoplasm!
Found a glowing whip.
Sigmund shouts!
Sigmund points at you and mumbles some strange words.
You resist with significant effort.
You see here a scroll labelled BOOXAWKER.
Throw: 11 darts (poison)
Press: ? - help, Shift-Dir - straight line, f - Sigmund
Aim: Sigmund, wielding a +0 scythe and wearing a +0 robe (47% to hit)
You throw a poisoned dart. The poisoned dart hits Sigmund.
Sigmund is poisoned.
Sigmund casts a spell.
Sigmund flickers and vanishes!
Deactivating autopickup; reactivate with Ctrl-A.
A magic dart appears from out of thin air!
The magic dart hits you.
Something tries to affect you, but you resist.
A magic dart appears from out of thin air!
The magic dart hits you!
You are confused.
A puff of flame appears from out of thin air!
The puff of flame misses you.
You bump into the rock wall.
You bump into the rock wall.
You feel less confused.
A magic dart appears from out of thin air!
The magic dart hits you!
* * * LOW HITPOINT WARNING * * *
A puff of flame appears from out of thin air!
The puff of flame misses you.
Sigmund points at you and mumbles some strange words.
The magic dart hits you.
You die...
Sigmund begins carving another notch in his scythe.

# ....#................).........
#####.###{.##########.....##.####
.........#......... #.....##.####
....#.##.##.####### #.....#......
###.#.##.##@#### #.....#(.....
#.#.##.##....#### #.....#......
#.#.##.#........#.#.....#......
#.#.##.#..###.#.#.#.....##.####
..#.##.#..# #.@.#.# #.#
###.##.#### ###.#.# #.# #.##.##
#...# ##.# #... #...# #..#
####.#####...# ###.##
#.#.......#####...#
#.........##......#
###.###...##......#
#....<#.#.........#


You could see Sigmund.

Vanquished Creatures
  An adder (D:2)
  2 ribbon worms (D:2)
  2 ball pythons (D:1)
  5 endoplasms
  2 giant cockroaches (D:2)
  3 goblins
  5 hobgoblins
  3 kobolds (D:1)
  2 quokkas (D:1)
  A bat (D:1)
  2 frilled lizards (D:1)
  5 rats
33 creatures vanquished.

Notes
Turn   | Place    | Note
-------+----------+-------------------------------------------
     0 | D:1      | Beon the Octopode Earth Elementalist began the quest for
                  | the Orb.
     0 | D:1      | Reached XP level 1. HP: 11/11 MP: 3/3
   178 | D:1      | Reached XP level 2. HP: 7/17 MP: 0/5
   847 | D:2      | Reached XP level 3. HP: 21/21 MP: 4/6
   951 | D:2      | Noticed Sigmund
  1500 | D:2      | Killed from afar by Sigmund

Illustrated notes

Levels and vault maps discovered:
D:1:      mainiacjoe_arrival_oval_in_oval, layout_basic, grunt_decor_arrowhead,
          st_stairs_12
D:2:      layout_basic, uniq_natasha, uniq_terence, uniq_sigmund

Skill      XL: |  1  2 |
---------------+-------+-----
Stealth        | 3 |  3.6
Short Blades   | |  0.4
Throwing       | |  0.1
Dodging        | |  2.0
Spellcasting   | |  2.6
Conjurations   | |  1.1
Earth Magic    | |  3.5

Action                     || total
---------------------------++-------
  Melee: Dagger            ||    18
         Constrict         ||     5
         Unarmed           ||     1
         Tentacles         ||     5
  Throw: Boomerang         ||    10
         Dart              ||     1
   Cast: Sandblast         ||    32
    Use: Potion            ||     1
   Stab: Sleeping          ||     5
 Armour: Skin              ||    17
  Dodge: Dodged            ||    24
